 Dungeon Crawl Stone Soup version 0.31-a0-846-gb3bcc0d938 (webtiles) character file.

Game seed: 14893401331906451010

18 croobank the Sneak (level 2, -3/21 HPs)
             Began as an Octopode Delver on Oct 3, 2023.
             Splashed by a jelly's acid (5 damage)
             ... on level 4 of the Dungeon.
             The game lasted 00:02:53 (509 turns).

croobank the Sneak (Octopode Delver)                 Turns: 509, Time: 00:02:54

Health: -3/21      AC: -7    Str: 11    XL:     2   Next: 66%
Magic:  2/2        EV: 13    Int: 12    God:
Gold:   63         SH:  0    Dex: 13    Spells: 1/1 levels left

rFire   . .          .
                       - Unarmed
rCold   . . .        (no shield)
rNeg    . . .        (helmet restricted)
rPois   .            (no amulet)
rElec   .            (no ring)
rCorr   .            (no ring)
SInv    .            (no ring)
Will    .....        (no ring)
Stlth   ++++         (no ring)
HPRegen 0.23/turn    (no ring)
MPRegen 0.08/turn    (no ring)
                     (no ring)

%: no passive effects
@: corroded, hasted, very quick
A: almost no armour, amphibious, 8 rings, camouflage 1, gelatinous body 1,
(nimble swimmer 1), tentacles
a: no special abilities


You were on level 4 of the Dungeon.
You visited 2 branches of the dungeon, and saw 5 of its levels.

You collected 63 gold pieces.

Inventory:

Hand Weapons
 g - a +0 dagger
Missiles
 h - 5 poisoned darts (quivered)
Wands
 e - a wand of digging (10)
 j - a wand of roots (4)
Scrolls
 a - a scroll of fog
 b - 2 scrolls of teleportation {unknown}
 c - a scroll of fear
 f - a scroll of identify {unknown}
Potions
 i - a potion of ambrosia {unknown}
 k - a potion of resistance {unknown}


   Skills:
 + Level 3.2 Fighting
 + Level 2.3 Dodging
 + Level 6.8 Stealth
 + Level 2.3 Unarmed Combat


You had one spell level left.
You didn't know any spells.
Your spell library was empty.

Dungeon Overview and Level Annotations

Branches:
Dungeon (6/15)             Temple (1/1) D:4

Altars:
Ashenzari
Dithmenos
Fedhas
Hepliaklqana
Nemelex Xobeh
Okawaru
Sif Muna


Innate Abilities, Weirdness & Mutations

You cannot wear most types of armour.
You are amphibious.
You can wear up to eight rings at the same time.
Your skin changes colour to match your surroundings (Stealth+).
Your rubbery body absorbs attacks. (AC +1, EV +1)
((You are camouflaged when in or above water. (Stealth+)))
You have tentacles for arms and can constrict up to eight enemies at once.


Message History

There is a staircase to the Ecumenical Temple here.
There is an open door here.
There is an open door here.
You open the door.
A jelly comes into view.
The jelly quivers.
A jelly is nearby!
Nothing quivered!
Aiming: Fastroot
Press: ? - help, Shift-Dir - straight line, f - you
Okay, then.
Throw: 7 darts (poison)
Press: ? - help, Q - select action, (/) - cycle Shift-Dir - straight line, f - jelly
Aim: a jelly (88% to hit)
You throw a poisoned dart. The poisoned dart hits the jelly.
Throw: 6 darts (poison)
Press: ? - help, Q - select action, (/) - cycle Shift-Dir - straight line, f/p - jelly
Aim: a jelly (88% to hit)
You throw a poisoned dart. The poisoned dart hits the jelly.
You tentacle-slap the jelly.
Your tentacles burn!
The jelly is lightly wounded.
The jelly hits you. The acid corrodes you!
You are splashed with acid!
You are too injured to fight recklessly!
You are too injured to fight recklessly!
You are too injured to fight recklessly!
You tentacle-slap the jelly but do no damage.
The acid corrodes you!
Your tentacles burn!
* * * LOW HITPOINT WARNING * * *
The jelly is lightly wounded.
The jelly misses you.
You tentacle-slap the jelly but do no damage.
Your tentacles burn!
* * * LOW HITPOINT WARNING * * *
You tentacle-slap the jelly.
The jelly is moderately wounded.
The jelly closely misses you.
You feel yourself speed up. The jelly hits you.
* * * LOW HITPOINT WARNING * * *
You are splashed with acid.
You die...

........##..#
.........##.#
..........#.##
..........##.#
.........###'####
........##≈≈.≈≈≈##
........#≈≈....≈≈# #
........#≈..§≈..§#.##
........#≈.§≈≈≈.@J..#
........'..≈≈≈≈.≈#(...#
.<......#≈..≈≈..≈#
(....
##....###≈≈....≈≈# #...
###### ##≈≈≈.≈≈## ..
####+### #


You could see a jelly.

Vanquished Creatures
  A worm (D:3)
  3 orcs (D:3)
  A ball python (D:3)
  A bat (D:3)
  2 endoplasms
  A kobold (D:4)
  3 rats (D:3)
12 creatures vanquished.

Notes
Turn   | Place    | Note
-------+----------+-------------------------------------------
     0 | D:5      | croobank the Octopode Delver began the quest for the Orb.
     0 | D:5      | Reached XP level 1. HP: 16/16 MP: 1/1
     1 | D:6      | Noticed a hound
     1 | D:6      | Noticed an iguana
    48 | D:5      | Noticed an ogre
    63 | D:5      | Noticed a hound
   115 | D:4      | Found a staircase to the Ecumenical Temple.
   293 | D:3      | Reached XP level 2. HP: 21/21 MP: 2/2
   455 | Temple   | Entered the Ecumenical Temple
   509 | D:4      | Splashed by a jelly's acid

Illustrated notes

Levels and vault maps discovered:
D:3:      layout_loops_cross, grunt_temple_overflow_holy_war, minivault_11,
          hex_large, corner_web_ring
D:4:      layout_cave_pods, nicolae_wu_jian_glorious_leap,
          minmay_temple_entry_enclosed_plants, kennysheep_another_room
D:5:      layout_basic, zin_angel, ebering_ghost_sewer_f, nicolae_titane
D:6:      layout_basic, lemuel_zombie_altar_kikubaaqudgha,
          minmay_misc_feat_plants
Temple:   nicolae_temple_superstar

Action                     || total
---------------------------++-------
  Melee: Unarmed           ||    29
         Constrict         ||     7
         Punch             ||     2
         Tentacles         ||     2
  Throw: Dart              ||     2
    Use: Potion            ||     2
         Scroll            ||     1
   Stab: Sleeping          ||     3
 Armour: Skin              ||     9
  Dodge: Dodged            ||    21

Table legend: (Time is in decaauts)
 A = Elapsed time spent in this place.
 B = Non-inter-level travel time spent in this place.
 C = Inter-level travel time spent in this place.
 D = Time resting spent in this place.
 E = Time spent auto-exploring this place.
 F = Levels seen in this place.
 G = Mean time per level.
                   A        B        C        D        E       F      G
               +--------+--------+--------+--------+--------+-----+--------+
         Total |    493 |    425 |     68 |     72 |    148 |   5 |   98.6 |
       Dungeon |    492 |    425 |     67 |     72 |    148 |   4 |  123.0 |
        Temple |      1 |      0 |      1 |      0 |      0 |   1 |    1.0 |
               +--------+--------+--------+--------+--------+-----+--------+

Top non-repeatable levels by time:
     D:4: 205 daAuts
     D:3: 202 daAuts
     D:5: 82 daAuts
  Temple: 1 daAuts
     D:6: 1 daAuts
